 Dungeon Sprint DCSS version 0.29-a0-802-g34511f41fd (webtiles) character file.

Game seed: 11594914301590652085

182 mhtbhm the Covert (level 5, 0/36 HPs)
             Began as a Spriggan Enchanter on July 3, 2022.
             Was an Initiate of Dithmenos.
             Slain by a spriggan
             ... wielding a +2 rapier of flaming
              (8 damage)
             ... in the Dungeon (Sprint IV: "Fedhas' Mad Dash").
             The game lasted 00:01:31 (557 turns).

mhtbhm the Covert (Spriggan Enchanter)               Turns: 557, Time: 00:01:31

Health: 0/36       AC:  2    Str:  4    XL:     5   Next: 34%
Magic:  13/13      EV: 19    Int: 17    God:    Dithmenos [......]
Gold:   69         SH:  0    Dex: 17    Spells: 12/14 levels left

rFire   . . .      SeeInvis +   a - +1 dagger
rCold   . . .      Faith    .   (no shield)
rNeg    . . .      Spirit   .   b - +0 robe
rPois   .          Reflect  .   (helmet restricted)
rElec   .          Harm     .   (no cloak)
rCorr   .          Rampage  .   (gloves unavailable)
Will    .....      NoTele   +   (boots unavailable)
Stlth   ..........              j - amulet of invisibility {+Inv}
HPRegen 0.12/turn               k - +4 ring of slaying
MPRegen 0.13/turn               (no ring)

@: berserking, very slightly contaminated, very quick
A: very small, no large weapons, unfitting armour, see invisible, speed 3
a: Renounce Religion, Evoke Invisibility


You were in the Dungeon.
You worshipped Dithmenos.
Dithmenos was noncommittal.
You visited 1 branch You collected 69 gold pieces.

Inventory:

Hand Weapons
 a - a +1 dagger (weapon)
Armour
 b - a +0 robe (worn)
Jewellery
 j - the amulet of invisibility (around neck) {+Inv}
   (You found it in the Dungeon)

   [amulet of nothing]

   +Inv:      It lets you turn invisible.
 k - a +4 ring of slaying (left hand)
Potions
 c - a potion of invisibility
 d - 2 potions of curing
 e - a potion of heal wounds
 f - a potion of haste
 g - 2 potions of magic


   Skills:
 + Level 2.1 Short Blades
 + Level 5.2 Dodging
 + Level 11.7 Stealth
 + Level 5.1 Spellcasting
 + Level 8.2 Hexes
 * Level 1.4 Invocations
 + Level 1.6 Evocations


You had 12 spell levels left.
You knew the following spells:

 Your Spells              Type           Power      Damage    Failure   Level
a - Ensorcelled Hibernat  Hex/Ice        36%        N/A       4%          2

Your spell library contained the following spells:

 Spells                   Type           Power      Damage    Failure   Level
 Confusing Touch          Hex            32%        N/A       1%          3
 Tukima's Dance           Hex            32%        N/A       1%          3
 Dazzling Flash           Conj/Hex       36%        N/A       8%          3


Dungeon Overview and Level Annotations

Branches:
Dungeon (1/1)

Altars:
Cheibriados
Dithmenos
Elyvilon
Gozag
Hepliaklqana
Kikubaaqudgha
Makhleb
Nemelex Xobeh
Okawaru
Qazlal
Ru
Sif Muna
Trog
Uskayaw
Vehumet
Wu Jian
Xom
Yredelemnul
Zin
The Shining One
Jiyva
Lugonu


Innate Abilities, Weirdness & Mutations

You are very small and have problems with some larger weapons.
You are too small for most types of armour.
You have supernaturally acute eyesight. (SInv)
You cover ground extremely quickly. (Speed+++)


Message History

Press: ? - help, Dir - move target
As you read the scroll of blinking, it crumbles to dust.
You feel much better.
You flicker back into view.
There is a corrupted altar of Lugonu here.
A red film seems to cover your vision as you go berserk!
You feel yourself moving faster!
You feel mighty!
The spriggan shouts!
The spriggan barely misses you. The spriggan closely misses you.
You miss the spriggan.
The spriggan hits you with a +0 short sword!
You closely miss the spriggan. The spriggan closely misses you.
The spriggan hits you with a +0 short sword!
* * * LOW HITPOINT WARNING * * *
You are too injured to fight recklessly!
You are too injured to fight recklessly!
You are too injured to fight recklessly!
You are too injured to fight recklessly!
You are too injured to fight recklessly!
You are too injured to fight recklessly!
You are too injured to fight recklessly!
You are too injured to fight recklessly!
You are too injured to fight recklessly!
You are too injured to fight recklessly!
You are too injured to fight recklessly!
You are too injured to fight recklessly!
You are too injured to fight recklessly!
You are too injured to fight recklessly!
You are too injured to fight recklessly!
You are too injured to fight recklessly!
You are too injured to fight recklessly!
You closely miss the spriggan. The spriggan closely misses you.
You hit the spriggan but do no damage. The spriggan barely misses you.
Press: ? - help, v - describe, . - travel
Here: a spriggan, wielding a +0 short sword and wearing a +0 robe The floor.
You hit the spriggan.
The spriggan is heavily wounded.
The spriggan hits you with a +2 rapier of flaming!
You die...

###########################
.....#.⌠._._._._.⌠.#..'$i.#
.#...'.._._._._.@i.'..#
.#†..#..._._._._.i.#..#
###+##.._._._._._..#..#
#._._._._._.⌠.####
###############


You could see 2 spriggans.

Vanquished Creatures
  A scorpion (D)
  3 oklob saplings (D)
  A river rat (D)
  A rat (D)
6 creatures vanquished.

Notes
Turn   | Place    | Note
-------+----------+-------------------------------------------
     0 | D        | mhtbhm the Spriggan Enchanter began the quest for the Orb.
     0 | D        | Reached XP level 1. HP: 9/9 MP: 5/5
    14 | D        | Reached skill level 5 in Stealth
    14 | D        | Reached XP level 2. HP: 3/13 MP: 7/7
    15 | D        | Reached skill level 6 in Stealth
   461 | D        | Learned a level 2 spell: Ensorcelled Hibernation
   464 | D        | Noticed an oklob sapling
   465 | D        | Killed an oklob sapling
   466 | D        | Reached skill level 7 in Stealth
   466 | D        | Reached skill level 5 in Hexes
   466 | D        | Reached XP level 3. HP: 16/16 MP: 9/9
   467 | D        | Noticed a scorpion
   467 | D        | Found the amulet of invisibility {+Inv}
   469 | D        | Killed a scorpion
   470 | D        | Reached skill level 9 in Stealth
   470 | D        | Reached XP level 4. HP: 21/21 MP: 9/11
   496 | D        | Found an opulent altar of Gozag.
   496 | D        | Found a hazy altar of Hepliaklqana.
   496 | D        | Found a burning altar of Makhleb.
   496 | D        | Found a sparkling altar of Nemelex Xobeh.
   496 | D        | Found a snail-covered altar of Cheibriados.
   496 | D        | Found a sacrificial altar of Ru.
   496 | D        | Found a shimmering blue altar of Sif Muna.
   496 | D        | Found a shimmering altar of Xom.
   496 | D        | Found a basalt altar of Yredelemnul.
   497 | D        | Found a viscous altar of Jiyva.
   497 | D        | Found a bloodstained altar of Trog.
   497 | D        | Found an ornate altar of the Wu Jian Council.
   498 | D        | Found an iron altar of Okawaru.
   498 | D        | Found a shadowy altar of Dithmenos.
   498 | D        | Found a glowing silver altar of Zin.
   499 | D        | Found an ancient bone altar of Kikubaaqudgha.
   499 | D        | Found a hide-covered altar of Uskayaw.
   500 | D        | Found a stormy altar of Qazlal.
   500 | D        | Found a white marble altar of Elyvilon.
   500 | D        | Found a glowing golden altar of the Shining One.
   501 | D        | Found a corrupted altar of Lugonu.
   501 | D        | Found a radiant altar of Vehumet.
   505 | D        | Reached skill level 5 in Dodging
   505 | D        | Reached skill level 11 in Stealth
   505 | D        | Reached skill level 1 in Evocations
   505 | D        | Reached XP level 5. HP: 24/24 MP: 10/13
   507 | D        | Became a worshipper of Dithmenos the Shadowed
   536 | D        | Reached skill level 5 in Spellcasting
   536 | D        | Reached skill level 1 in Invocations
   557 | D        | Slain by a spriggan

Illustrated notes

Levels and vault maps discovered:
D:        dungeon_sprint_fedhas [sprint_temple]

Skill      XL: |  1  2  3  4  5 |
---------------+----------------+-----
Dodging        | 3 4 5 |  5.2
Stealth        | 5 7 9 11 | 11.7
Spellcasting   | 3 4 5 |  5.1
Hexes          | 4 5 7 8 |  8.2
Evocations     | 1 |  1.6
Short Blades   | 2 |  2.1
Invocations    | 1 |  1.4

Action                   |  1- 3 |  4- 6 || total
-------------------------+-------+-------++-------
Melee: Dagger            |     7 |     7 ||    14
 Abil: Evoke Invisibilit |       |     2 ||     2
  Use: Potion            |     1 |     2 ||     3
       Scroll            |       |     1 ||     1
 Stab: Invisible         |     2 |       ||     2
       Sleeping          |     2 |     2 ||     4
Armor: Robe              |     2 |       ||     2
Dodge: Dodged            |     2 |     5 ||     7

Table legend: (Time is in decaauts)
 A = Elapsed time spent in this place.
 B = Non-inter-level travel time spent in this place.
 C = Inter-level travel time spent in this place.
 D = Time resting spent in this place.
 E = Time spent auto-exploring this place.
 F = Levels seen in this place.
 G = Mean time per level.
                   A        B        C        D        E       F      G
               +--------+--------+--------+--------+--------+-----+--------+
         Total |    531 |    531 |      0 |    454 |      1 |   1 |  531.0 |
       Dungeon |    531 |    531 |      0 |    454 |      1 |   1 |  531.0 |
               +--------+--------+--------+--------+--------+-----+--------+

Top non-repeatable levels by time:
       D: 531 daAuts
